Vis, lawful male human Samurai @ Vis the Ninja Experience level: 6 Strength: 15 Dexterity: 16 Constitution: 18 Intelligence: 11 Wisdom: 9 Charisma: 8 Health: 0(52) Energy: 22(22) Def: 8 Gold: 206 Moves: 901 Dungeon seed: lGTPLLeOG7ugaybW Game ID: Vis_1497897265 Your Inventory: Coins $ - 206 gold pieces Weapons a - a +0 katana (weapon in hand) b - a +0 wakizashi c - a +0 yumi (alternate weapon; not wielded) d - 41 +0 ya (in quiver) p - a +0 aklys Armor e - an uncursed rustproof +0 splint mail (being worn) q - an uncursed +0 dwarvish cloak (being worn) r - an uncursed +0 pair of iron shoes (being worn) Comestibles g - an uncursed orange h - 2 uncursed lichen corpses k - an uncursed apple m - 2 uncursed slime molds w - an uncursed tin of gnome meat Scrolls j - an uncursed scroll of light t - an uncursed scroll of teleportation x - an uncursed scroll of earth Potions A - an uncursed potion of sickness Wands s - a wand of lightning (0:2) Tools f - an uncursed oil lamp (0:1166) i - a crystal ball (0:5) l - an uncursed tin whistle u - 7 blessed wax candles (0:400) Gems n - an uncursed amethyst stone y - an uncursed fluorite stone z - 2 uncursed worthless pieces of white glass Spells and supernatural/magical abilities: Name Level Category Fail Memory W - pray for help -- divine ? -- Your skills at the end: Fighting Skills martial arts [Basic] wands [Basic] Weapon Skills short sword [Basic] long sword [Skilled] bow [Basic] Spellcasting Skills Final Attributes: You were piously aligned. You were telepathic. You were swallowed by an energy vortex. You were fast. You are dead. Vanquished creatures: a gnome king a yellow light 6 gnome lords 4 gnomish wizards a little dog a floating eye 2 dwarves a giant bat 2 orc zombies a hobbit 20 gnomes 3 garter snakes 2 jackals 3 grid bugs 4 lichens 2 newts 54 creatures vanquished. Voluntary challenges: You used a wielded weapon 75 times, starting on turn 1. You read items or engraved 1 time, starting on turn 492. You never genocided any monsters. You never polymorphed an object. You never changed form. You used no wishes. You never split a pudding. You never wrote Elbereth's name. You never violated your personal moral code. Dungeon overview: The Dungeons of Doom: levels 1 to 2 Level 1 some fountains, a sink a long staircase Level 2 stairs to The Gnomish Mines The Gnomish Mines: levels 3 to 8 Level 3 stairs to The Dungeons of Doom Level 4 Level 5 many shops, a temple to Raijin, some fountains Level 6 Level 7 Level 8 <- You were here History has recorded: On T:1 you entered the Dungeons of Doom to retrieve the Amulet of Yendor! On T:183 you reached level 2 of The Dungeons of Doom. On T:227 you advanced to experience level 2. On T:251 you reached level 1 of The Gnomish Mines. On T:259 you advanced to experience level 3. On T:296 you advanced to experience level 4. On T:392 you reached level 2 of The Gnomish Mines. On T:438 you advanced to experience level 5. On T:533 you reached level 3 of The Gnomish Mines. On T:817 you reached level 4 of The Gnomish Mines. On T:822 you reached level 5 of The Gnomish Mines. On T:826 you reached level 6 of The Gnomish Mines. On T:832 you advanced to experience level 6. Score breakdown: Gold: 206 ( 7878 points) Experience: 6 levels (12456 points) Exploration: 8 levels ( 17.39%) (11832 points) Discoveries: 5 items ( 2.02%) ( 4259 points) Valuables value: (no points given unless you survive) Artifact value: 0 ( 0 points) Variety of kills: 16 monsters ( 4.18%) ( 6131 points) Turncount: 901 turns ( 0 points) Survival: died (score multiplied by 80%) Total score: 34044 Latest messages: The gnome picks up a dwarvish cloak from the floor. You kill the gnome! There are a few objects here. You hit the gnomish wizard! The gnomish wizard casts a spell! The gnomish wizard looks better. You hit the gnomish wizard! You hit the gnomish wizard. You kill the gnomish wizard! There are a few objects here. x - a scroll labeled THARR. A - a swirly potion. You are beginning to feel weak. This lichen corpse tastes terrible! You don't feel so weak now. You finish eating the lichen corpse. The dwarf talks about mining. You hit the gnome lord! (2x) You kill the gnome lord! The energy vortex engulfs you! You hit the energy vortex! You are jolted with electricity! You die... Final status: Sayonara Vis the Samurai, killed by an energy vortex... You died in The Gnomish Mines on dungeon level 8 with 34044 points, and 206 pieces of gold, after 901 moves. You were level 6 with a maximum of 52 hit points when you died.